 Dungeon Crawl Stone Soup version 0.29-a0-275-g389c0b56f3 (webtiles) character file.

Game seed: 13476070522648184261

78 sammy202020 the Shield-Bearer (level 4, -5/29 HPs)
             Began as a Gargoyle Fighter on Mar 9, 2022.
             Slain by an ogre
             ... wielding a +0 giant spiked club
              (22 damage)
             ... on level 3 of the Dungeon.
             The game lasted 00:02:35 (2168 turns).

sammy202020 the Shield-Bearer (Gargoyle Fighter)    Turns: 2168, Time: 00:02:35

Health: -5/29      AC: 13    Str: 19    XL:     4   Next: 36%
Magic:  4/4        EV:  9    Int: 11    God:
Gold:   1131       SH:  4    Dex:  9    Spells: 3/3 levels left

rFire   . . .      SeeInvis .   a - +0 flail
rCold   . . .      Faith    .   c - +0 buckler
rNeg    + . .      Spirit   .   b - +0 scale mail
rPois   ∞          Reflect  .   g - +0 helmet
rElec   +          Harm     .   e - +0 cloak
rCorr   .          Rampage  .   (no gloves)
Will    .....                   (no boots)
Stlth   ..........              (no amulet)
HPRegen 0.09/turn               (no ring)
MPRegen 0.09/turn               (no ring)

@: mighty
A: sickness immunity, AC +3, negative energy resistance 1, electricity
resistance, torment resistance 1, petrification resistance
a: no special abilities


You were on level 3 of the Dungeon.
You visited 1 branch of the dungeon, and saw 3 of its levels.

You collected 1131 gold pieces.

Inventory:

Hand Weapons
 a - a +0 flail (weapon)
Armour
 b - a +0 scale mail (worn)
 c - a +0 buckler (worn)
 e - a +0 cloak (worn)
 g - a +0 helmet (worn)
Scrolls
 f - a scroll of identify {unknown}
 h - a scroll of summoning {unknown}
 k - a scroll of enchant weapon {unknown}
 m - a scroll of immolation {unknown}
Potions
 i - 2 potions of curing {unknown}
 j - a potion of flight {unknown}
 l - a potion of heal wounds {unknown}
 n - a potion of cancellation {unknown}


   Skills:
 * Level 3.9 Fighting
 * Level 2.5 Maces & Flails
 * Level 3.9 Armour
 + Level 0.7 Dodging
 * Level 4.0 Shields


You had 3 spell levels left.
You didn't know any spells.
Your spell library contained the following spells:

 Spells                   Type           Power      Damage    Failure   Level
 Confusing Touch          Hex            0%         N/A       99%         3
 Dazzling Flash           Conj/Hex       0%         N/A       99%         3
 Iskenderun's Mystic Bla  Conj/Tloc      0%         2d3       100%        4
 Yara's Violent Unravell  Hex/Tmut       0%         3d3       100%        5
 Starburst                Conj/Fire      0%         6d3       100%        6
 Enfeeble                 Hex            0%         N/A       100%        7


Dungeon Overview and Level Annotations

Branches:
Dungeon (3/15)

Altars:


Innate Abilities, Weirdness & Mutations

You are immune to sickness and miasma.
Your stone body is resilient. (AC +3)
You are immune to poison.
You resist negative energy. (rN+)
You are resistant to electric shocks. (rElec)
You are resistant to unholy torment.
You are immune to petrification.


Message History

No target in view!
No target in view!
No target in view!
There is a stone staircase leading up here.
f - a scroll labelled DEAGUAD BUCLOK
There is a stone staircase leading down here.
You now have 1103 gold pieces (gained 12).
You now have 1108 gold pieces (gained 5).
There is a stone staircase leading up here.
You now have 1116 gold pieces (gained 8).
A bat comes into view.
The bat barely misses you.
You closely miss the bat. The bat barely misses you.
You miss the bat. The bat hits you but does no damage.
You hit the bat.
You kill the bat!
No target in view!
No target in view!
No target in view!
No target in view!
No target in view!
No target in view!
No target in view!
No target in view!
No target in view!
You now have 1131 gold pieces (gained 15).
n - a yellow potion An ogre comes into view.
It is wielding a +0 giant spiked club.
The ogre shouts!
The ogre moves out of view.
No target in view!
Sorry, you're not good enough to have a special ability.
Okay, then.
You block the ogre's attack.
You feel very mighty all of a sudden.
The ogre hits you with a +0 giant spiked club!
You barely miss the ogre.
The ogre hits you with a +0 giant spiked club!!
Ouch! That really hurt!
You die...

#.###.......##
#.##.......# #
#####......#...##
##.........###...##
#.........## ##....
#....##....# #...†
#...####....# #....
#..## ##.........#
#.@# #.........#
#..O# #........##
#....# #...######
#...... ...#
#....... #.#######
#. #.


You could see an ogre.

Vanquished Creatures
  3 adders (D:2)
  2 worms
  6 ball pythons
  6 endoplasms
  4 goblins
  4 hobgoblins
  6 kobolds
  3 quokkas
  5 bats
  2 frilled lizards
  3 rats
44 creatures vanquished.

Notes
Turn   | Place    | Note
-------+----------+-------------------------------------------
     0 | D:1      | sammy202020 the Gargoyle Fighter began the quest for the
                  | Orb.
     0 | D:1      | Reached XP level 1. HP: 14/14 MP: 1/1
   140 | D:1      | Reached XP level 2. HP: 13/19 MP: 2/2
   686 | D:1      | Found a faded altar of an unknown god.
  1075 | D:2      | Reached XP level 3. HP: 23/23 MP: 3/3
  1567 | D:2      | Reached XP level 4. HP: 29/29 MP: 4/4
  1669 | D:2      | Identified a scroll of acquirement
  1669 | D:2      | Acquired 1029 gold pieces
  1950 | D:3      | Reached skill level 4 in Shields
  2164 | D:3      | Noticed an ogre
  2168 | D:3      | Slain by an ogre

Illustrated notes

Levels and vault maps discovered:
D:1:      psy_arrival_basics, layout_basic,
          hellmonk_ecumenical_altar_leap_of_faith
D:2:      layout_rooms
D:3:      layout_rooms, serial_curves, eino_curves_04, eino_curves_02,
          hangedman_decor_growths

Skill      XL: |  1  2  3  4 |
---------------+-------------+-----
Shields        | 4 |  4.0
Fighting       | |  3.9
Maces & Flails | |  2.5
Armour         | |  3.9
Dodging        | |  0.7

Action                   |  1- 3 |  4- 6 || total
-------------------------+-------+-------++-------
Melee: Flail             |    98 |    27 ||   125
  Use: Scroll            |       |     1 ||     1
       Potion            |       |     1 ||     1
Armor: Scale mail        |    82 |    12 ||    94
Dodge: Dodged            |    56 |    10 ||    66
Block: Buckler           |    23 |     5 ||    28

Table legend: (Time is in decaauts)
 A = Elapsed time spent in this place.
 B = Non-inter-level travel time spent in this place.
 C = Inter-level travel time spent in this place.
 D = Time resting spent in this place.
 E = Time spent auto-exploring this place.
 F = Levels seen in this place.
 G = Mean time per level.
                   A        B        C        D        E       F      G
               +--------+--------+--------+--------+--------+-----+--------+
         Total |   2209 |   2176 |     33 |      0 |   1826 |   3 |  736.3 |
       Dungeon |   2209 |   2176 |     33 |      0 |   1826 |   3 |  736.3 |
               +--------+--------+--------+--------+--------+-----+--------+

Top non-repeatable levels by time:
     D:1: 1086 daAuts
     D:2: 643 daAuts
     D:3: 479 daAuts
